 Dungeon Crawl Stone Soup version 0.28-a0-724-g66f9036eb4 (webtiles) character file.

Game seed: 8368132481376661990

70 kae the Chopper (level 4, -4/40 HPs)
             Began as a Hill Orc Cinder Acolyte on Oct 26, 2021.
             Was a High Priest of Ignis.
             Slain by a scorpion (7 damage)
             ... on level 1 of the Dungeon.
             The game lasted 00:01:42 (2548 turns).

kae the Chopper (Hill Orc Cinder Acolyte)           Turns: 2548, Time: 00:01:42

Health: -4/40      AC:  2    Str: 16    XL:     4   Next: 21%
Magic:  6/6        EV: 11    Int: 15    God:    Ignis [*****.]
Gold:   60         SH:  0    Dex:  6    Spells: 4/6 levels left

rFire   + . .      SeeInvis +   a - -1 hand axe (flame)
rCold   . . .      Faith    .   (no shield)
rNeg    . . .      Spirit   .   b - +0 robe
rPois   .          Reflect  .   (no helmet)
rElec   .          Harm     .   (no cloak)
rCorr   .          Rampage  .   (no gloves)
Will    .....                   (no boots)
Stlth   +.........              (no amulet)
HPRegen 0.13/turn               c - ring of see invisible
MPRegen 0.10/turn               (no ring)

@: lethally poisoned (-4 -> -7)
A: no striking features
a: Renounce Religion, Sea of Fire, Foxfire Swarm, Rising Flame


You were on level 1 of the Dungeon.
You worshipped Ignis.
Ignis was extremely pleased with you.
You visited 1 branch of the dungeon, and saw 2 of its levels.

You collected 60 gold pieces.

Inventory:

Hand Weapons
 a - a -1 hand axe of flaming (weapon)
Armour
 b - a +0 robe (worn)
Jewellery
 c - a ring of see invisible (left hand)
Scrolls
 e - a scroll of amnesia


   Skills:
 + Level 4.2 Fighting
 * Level 5.1 Axes
 + Level 1.5 Spellcasting
 + Level 3.7 Fire Magic


You had 4 spell levels left.
You knew the following spells:

 Your Spells              Type           Power      Damage    Failure   Level
a - Scorch                Fire           24%        2d6       8%          2

Your spell library contained the following spells:

 Spells                   Type           Power      Damage    Failure   Level


Dungeon Overview and Level Annotations

Branches:
Dungeon (2/15)

Altars:


Message History

a +0 dagger; a +0 dagger; a kobold corpse
There is a stone staircase leading up, spattered with blood here.
The scorpion stings you. The scorpion stings you!
You climb upwards.
There is a stone staircase leading down here.
Items here: ( )) †.
Okay, then.
You hit the scorpion. You burn the scorpion.
The scorpion is lightly wounded.
The scorpion misses you.
You hit the scorpion. You burn the scorpion.
The scorpion is moderately wounded.
The scorpion barely misses you. The scorpion stings you.
You are poisoned.
The scorpion poisons you!
You aren't carrying any potions.
Okay, then.
You aren't carrying any items that you can evoke.
You aren't carrying any potions.
Unknown command.
Flames leap up around you!
You feel very sick. The scorpion stings you.
* * * LOW HITPOINT WARNING * * *
You hit the scorpion but do no damage.
The scorpion is moderately wounded.
* * * LOW HITPOINT WARNING * * *
You feel sick.
The foxfire hits the scorpion but does no damage.
The scorpion is moderately wounded.
The scorpion stings you but does no damage.
You hit the scorpion but do no damage.
The scorpion is moderately wounded.
* * * LOW HITPOINT WARNING * * *
You feel sick.
The scorpion stings you but does no damage.
Your foxfire dissipates!
* * * LOW HITPOINT WARNING * * *
You feel sick. The scorpion stings you!
You die...

#.......# ##.##....'.#.†...#
#..#)########.##....#####...#
#...................'.#.'.###
##.########....(....#####.#
#.# ###.#####.......# #.# #)#
####.#### #.# #># ##...## ##
#.# #s# #.....#####. #.# #@#
#........... #.# #v#
#.....#####. ##.## #.# ##...##
#.
#...#########.#####.#...#####.
#..........................##.
#...#########.................
##### ######.#####.#####
##.###.## ##...##


You could see a scorpion (ally target).

Vanquished Creatures
  Robin (D:2)
  An adder (D:1)
  6 ball pythons (D:1)
  An endoplasm (D:1)
  A giant cockroach (D:1)
  6 hobgoblins
  4 kobolds
  2 quokkas (D:1)
  4 bats
  10 goblins
  12 rats
48 creatures vanquished.

Vanquished Creatures (others)
  A foxfire (D:1)
1 creature vanquished.

Grand Total: 49 creatures vanquished

Notes
Turn   | Place    | Note
-------+----------+-------------------------------------------
     0 | D:1      | kae the Hill Orc Cinder Acolyte began the quest for the
                  | Orb.
     0 | D:1      | Reached XP level 1. HP: 19/19 MP: 2/2
   403 | D:1      | Reached XP level 2. HP: 7/27 MP: 3/3
  1120 | D:1      | Reached XP level 3. HP: 14/33 MP: 4/4
  1420 | D:1      | Learned a level 2 spell: Scorch
  1957 | D:2      | Noticed Robin
  1983 | D:1      | Reached skill level 5 in Axes
  2368 | D:1      | Reached XP level 4. HP: 21/40 MP: 6/6
  2532 | D:2      | Noticed a scorpion
  2533 | D:2      | Killed Robin
  2548 | D:1      | Slain by a scorpion

Illustrated notes

Levels and vault maps discovered:
D:1:      dpeg_arrival_round_c, layout_loops_ring, minmay_rat_gold_closets
D:2:      layout_basic, shapermc_ecumenical_altar_mp_urbaneastern,
          dk_noncrumbling_4, kennysheep_generic_room_4, uniq_robin

Skill      XL: |  1  2  3 |
---------------+----------+-----
Fighting       | 4 |  4.2
Axes           | 5 |  5.1
Spellcasting   | |  1.5
Fire Magic     | |  3.7

Action                   |  1- 3 |  4- 6 || total
-------------------------+-------+-------++-------
Melee: Hand axe          |   124 |    14 ||   138
Invok: Foxfire Swarm     |       |     1 ||     1
  Use: Scroll            |     2 |       ||     2
       Potion            |     1 |       ||     1
Armor: Robe              |    29 |     5 ||    34
Dodge: Dodged            |    73 |     7 ||    80

Table legend: (Time is in decaauts)
 A = Elapsed time spent in this place.
 B = Non-inter-level travel time spent in this place.
 C = Inter-level travel time spent in this place.
 D = Time resting spent in this place.
 E = Time spent auto-exploring this place.
 F = Levels seen in this place.
 G = Mean time per level.
                   A        B        C        D        E       F      G
               +--------+--------+--------+--------+--------+-----+--------+
         Total |   2563 |   2538 |     25 |    384 |   1822 |   2 | 1281.5 |
       Dungeon |   2563 |   2538 |     25 |    384 |   1822 |   2 | 1281.5 |
               +--------+--------+--------+--------+--------+-----+--------+

Top non-repeatable levels by time:
     D:1: 2505 daAuts
     D:2: 57 daAuts
